 Dungeon Crawl Stone Soup version 0.31-a0-986-g5e6e4ef867 (webtiles) character file.

Game seed: 14700221923690435437

25 IdlyInterested the Ducker (level 2, -4/23 HPs)
             Began as a Demonspawn Gladiator on Nov 7, 2023.
             Slain by a gnoll
             ... wielding a +0 heavy halberd
              (10 damage)
             ... on level 2 of the Dungeon.
             The game lasted 00:01:38 (1240 turns).

IdlyInterested the Ducker (Demonspawn Gladiator)    Turns: 1240, Time: 00:01:39

Health: -4/23      AC:  9    Str: 14    XL:     2   Next: 86%
Magic:  2/2        EV:  7    Int:  9    God:
Gold:   74         SH:  0    Dex: 14    Spells: 1/1 levels left

rFire   . . .        a - +0 flail
rCold   . . .        (no shield)
rNeg    . . .        i - +0 chain mail
rPois   .            c - +0 helmet
rElec   .            (no cloak)
rCorr   .            (no gloves)
SInv    .            (no boots)
Will    .....        (no amulet) Stlth
                     (no ring)
HPRegen 0.23/turn    (no ring)
MPRegen 0.08/turn

%: no passive effects
@: no status effects
A: ignite blood 1
a: no special abilities


You were on level 2 of the Dungeon.
You visited 1 branch of the dungeon, and saw 2 of its levels.

You collected 74 gold pieces.

Inventory:

Hand Weapons
 a - a +0 flail (weapon)
Missiles
 d - 3 throwing nets (quivered)
 e - a javelin
Armour
 b - a +0 leather armour
 c - a +0 helmet (worn)
 i - a +0 chain mail (worn)
 l - the +0 leather armour of Beyond {rC- rN+ MP+9 Dex+4}
   (You found it on level 2 of the Dungeon)

   Dex+4:     It affects your dexterity (+4).
   rC-:       It makes you vulnerable to cold.
   rN+:       It protects you from negative energy.
   MP+9:      It affects your magic capacity (+9).
Scrolls
 f - a scroll of enchant armour {unknown}
 g - a scroll of noise {unknown}
 j - a scroll of teleportation {unknown}
Potions
 h - a potion of lignification {unknown}
 k - a potion of invisibility {unknown}


   Skills:
 + Level 2.8 Fighting
 - Level 2.6 Maces & Flails
 - Level 2.0 Throwing
 + Level 0.6 Armour
 - Level 3.0 Dodging


You had one spell level left.
You didn't know any spells.
Your spell library contained the following spells:

 Spells                   Type           Power      Damage    Failure   Level
 Magic Dart               Conj           0%         1d3       100%        1
 Sting                    Tmut/Pois      0%         1d3       100%        1
 Poisonous Vapours        Pois/Air       0%         N/A       100%        2
 Searing Ray              Conj           0%         2d4       100%        2
 Fulminant Prism          Conj/Hex       0%         3d5       100%        4
 Olgreb's Toxic Radiance  Pois           0%         N/A       100%        4


Dungeon Overview and Level Annotations

Branches:
Dungeon (2/15)

Altars:


Innate Abilities, Weirdness & Mutations

Your demonic aura sometimes causes spilled blood to erupt in flames.


Message History

Training target 3.0 for Dodging reached!
Your Dodging skill increases to level 3!
You see here a giant cockroach corpse.
There is a stone staircase leading down here.
Done exploring.
Done exploring.
There is a stone staircase leading down here.
You climb downwards.
Found a jewelled leather armour and 10 gold pieces.
Found two stone staircases leading down.
There is a stone staircase leading up here.
The bat hits you but does no damage.
You closely miss the bat. The bat closely misses you.
You sock the bat!
You kill the bat!
You now have 74 gold pieces (gained 10).
You see here the +0 leather armour of Beyond {rC- rN+ MP+9 Dex+4}.
l - the +0 leather armour of Beyond {rC- rN+ MP+9 Dex+4}
Okay, then.
Okay, then.
There is a stone staircase leading up here.
A gnoll comes into view. It is wielding a +0 club.
The gnoll shouts!
You hear a shout!
A gnoll comes into view. It is wielding a +0 club.
The gnoll shouts!
A gnoll comes into view. It is wielding a +0 heavy halberd.
The gnoll hits you with a +0 club!
You hit the gnoll.
The gnoll is moderately wounded.
The gnoll is engulfed in blazing flames.
You kill the gnoll!
The gnoll hits you from afar with a +0 heavy halberd!
The gnoll barely misses you.
You see here a +0 club.
You closely miss the gnoll. The gnoll closely misses you.
The gnoll barely misses you. The gnoll hits you with a +0 club.
* * * LOW HITPOINT WARNING * * *
You barely miss the gnoll.
The gnoll hits you from afar with a +0 heavy halberd!
You die...

### ... #.## #..
...# #.# #..#
#g#.##..#
#g#.#...##
#@#......#
#.#.#...#####
#.#.........#
#.###.#.###.# #.#
#.#.###.######
#.###.#.##.†<.....
#.....>.......###.
##########....#
##.#.#


You could see 2 gnolls.

Vanquished Creatures
  A gnoll (D:2)
  A dart slug (D:1)
  2 bats
  2 endoplasms (D:1)
  A giant cockroach (D:1)
  2 goblins (D:1)
  2 kobolds (D:1)
  2 ball pythons (D:1)
  A frilled lizard (D:1)
14 creatures vanquished.

Notes
Turn   | Place    | Note
-------+----------+-------------------------------------------
     0 | D:1      | IdlyInterested the Demonspawn Gladiator began the quest for
                  | the Orb.
     0 | D:1      | Reached XP level 1. HP: 16/16 MP: 1/1
   475 | D:1      | Gained mutation: Your demonic aura sometimes causes spilled
                  | blood to erupt in flames. [demonic ancestry]
   475 | D:1      | Reached XP level 2. HP: 13/23 MP: 2/2
  1009 | D:1      | Reached skill level 3 in Dodging
  1211 | D:2      | Identified the +0 leather armour of Beyond {rC- rN+ MP+9
                  | Dex+4}
  1240 | D:2      | Slain by a gnoll

Illustrated notes

Levels and vault maps discovered:
D:1:      lemuel_arrival_funnel, layout_basic
D:2:      layout_loops_ring, basic_altar

Skill      XL: |  1  2 |
---------------+-------+-----
Throwing       | 2 |  2.0
Dodging        | 3 |  3.0
Fighting       | |  2.8
Maces & Flails | |  2.6
Armour         | |  0.6

Action                     || total
---------------------------++-------
  Melee: Flail             ||    48
 Armour: Leather armour    ||    15
         Chain mail        ||    18
  Dodge: Dodged            ||    38

Table legend: (Time is in decaauts)
 A = Elapsed time spent in this place.
 B = Non-inter-level travel time spent in this place.
 C = Inter-level travel time spent in this place.
 D = Time resting spent in this place.
 E = Time spent auto-exploring this place.
 F = Levels seen in this place.
 G = Mean time per level.
                   A        B        C        D        E       F      G
               +--------+--------+--------+--------+--------+-----+--------+
         Total |   1252 |   1176 |     76 |     56 |    948 |   2 |  626.0 |
       Dungeon |   1252 |   1176 |     76 |     56 |    948 |   2 |  626.0 |
               +--------+--------+--------+--------+--------+-----+--------+

Top non-repeatable levels by time:
     D:1: 1215 daAuts
     D:2: 36 daAuts
